 Dungeon Crawl Stone Soup version 0.29.1-4-g47bece8355 (webtiles) character file.

Game seed: 2936367137003494412

540 kingsuperguy the Skirmisher (level 7, 0/88 HPs)
             Began as a Minotaur Hunter on Dec 2, 2022.
             Succumbed to a water moccasin's poison
             ... on level 5 of the Dungeon.
             The game lasted 00:05:15 (4607 turns).

kingsuperguy the Skirmisher (Minotaur Hunter)       Turns: 4607, Time: 00:05:15

Health: 0/88       AC:  4    Str: 13 (16) XL:     7   Next: 5%
Magic:  6/6        EV: 12    Int:  3 (6)  God:
Gold:   232        SH:  0    Dex: 12 (15) Spells: 6/6 levels left

rFire   . . .      SeeInvis .   d - staff of death
rCold   . . .      Faith    .   (no shield)
rNeg    + . .      Spirit   .   c - +0 leather armour
rPois   +          Reflect  .   (helmet restricted)
rElec   .          Harm     .   (no cloak)
rCorr   .          Rampage  .   (no gloves)
Will    .....      Rage     3%  (no boots)
Stlth   ..........              (no amulet)
HPRegen 0.24/turn               (no ring)
MPRegen 0.10/turn               (no ring)

@: berserking, lethally poisoned (0 -> -7), marked, flying, very quick
A: horns 2, retaliatory headbutt, berserk 1, poison resistance, shaggy fur 1
a: no special abilities


You were on level 5 of the Dungeon.
You visited 1 branch of the dungeon, and saw 5 of its levels.

You collected 232 gold pieces.

Inventory:

Hand Weapons
 a - a +0 shortbow
Missiles
 y - 2 throwing nets
Armour
 c - a +0 leather armour (worn)
 f - a +2 buckler of protection
Magical Staves
 d - a staff of death (weapon)
Jewellery
 j - a ring of protection from cold
Wands
 s - a wand of paralysis (1)
Scrolls
 b - 2 scrolls of immolation
 e - 3 scrolls of identify {unknown}
 g - a scroll of vulnerability {unknown}
 q - a scroll of teleportation {unknown}
 r - a scroll of noise {unknown}
 t - a scroll of poison {unknown}
 w - a scroll of blinking {unknown}
 x - a scroll of fear {unknown}
 z - a scroll of acquirement {unknown}
Potions
 l - a potion of curing {unknown}
 m - a potion of attraction {unknown}
 o - 2 potions of brilliance {unknown}
 u - a potion of might {unknown}
 v - a potion of ambrosia {unknown}
 A - a potion of resistance {unknown}


   Skills:
 + Level 4.2 Fighting
 + Level 8.0 Ranged Weapons
 + Level 2.6 Armour
 + Level 2.8 Dodging
 + Level 1.1 Stealth


You had 6 spell levels left.
You didn't know any spells.
Your spell library contained the following spells:

 Spells                   Type           Power      Damage    Failure   Level
 Call Canine Familiar     Summ           0%         N/A       93%         3
 Ozocubu's Armour         Ice            0%         N/A       93%         3
 Portal Projectile        Hex/Tloc       0%         N/A       93%         3
 Leda's Liquefaction      Hex/Erth       0%         N/A       100%        4
 Ozocubu's Refrigeration  Ice            0%         4d7       100%        7


Dungeon Overview and Level Annotations

Branches:
Dungeon (5/15)
 Temple: D:4-7

Altars:
Gozag


Innate Abilities, Weirdness & Mutations

You have a pair of horns on your head.
You reflexively headbutt those who attack you in melee.
You sometimes lose your temper in combat.
Your system is resistant to poisons. (rPois)
You are covered in fur. (AC +1)


Message History

The water moccasin poisons you! The iguana bites you.
* * * LOW HITPOINT WARNING * * *
It was a potion of berserk rage.
A red film seems to cover your vision as you go berserk!
You feel yourself moving faster!
You feel mighty!
* * * LOW HITPOINT WARNING * * *
You feel very sick. The water moccasin closely misses you.
The iguana hisses menacingly.
The iguana barely misses you. You furiously retaliate!
You headbutt the iguana!
You kill the iguana!
Your Ranged Weapons skill increases to level 8!
You are too injured to fight recklessly!
You are too berserk!
d - a staff of death (weapon)
You feel a strong urge to attack something.
You feel sick.
The water moccasin bites you but does no damage.
You closely miss the water moccasin.
The water moccasin is severely wounded.
* * * LOW HITPOINT WARNING * * *
You feel very sick. The water moccasin bites you.
* * * LOW HITPOINT WARNING * * *
You miss the water moccasin.
Your headbutt misses the water moccasin.
The water moccasin is severely wounded.
* * * LOW HITPOINT WARNING * * *
You feel sick. The water moccasin closely misses you.
You are too berserk!
You closely miss the water moccasin.
The water moccasin is severely wounded.
* * * LOW HITPOINT WARNING * * *
You feel sick. The water moccasin bites you!
* * * LOW HITPOINT WARNING * * *
The water moccasin bites you but does no damage.
You hit the water moccasin.
Your headbutt misses the water moccasin.
The water moccasin is almost dead.
You die...

....... .......
....... .......
....... #......##
#..[....##
+.....S@.####+##
#.....†...# ...###
#.........###.##.#
...........'#.#..#
############.....#
#.....# #.....#
#.....####
#.##.....#


You could see a water moccasin.

Vanquished Creatures
  An ogre (D:5)
  A centaur (D:3)
  A scorpion (D:5)
  2 iguanas (D:5)
  Ijyb (D:3)
  An orc wizard (D:5)
  8 gnolls (D:4)
  3 adders
  An ufetubus (D:5)
  5 dart slugs
  5 orcs
  5 bats
  5 endoplasms
  A giant cockroach (D:1)
  12 goblins
  2 hobgoblins
  4 jackals
  10 kobolds
  5 quokkas
  7 ball pythons
  17 frilled lizards
  7 rats
104 creatures vanquished.

Vanquished Creatures (others)
  45 plants
45 creatures vanquished.

Grand Total: 149 creatures vanquished

Notes
Turn   | Place    | Note
-------+----------+-------------------------------------------
     0 | D:1      | kingsuperguy the Minotaur Hunter began the quest for the
                  | Orb.
     0 | D:1      | Reached XP level 1. HP: 18/18 MP: 0/0
    98 | D:1      | Reached XP level 2. HP: 25/25 MP: 1/1
   166 | D:1      | Reached skill level 5 in Ranged Weapons
   296 | D:1      | Noticed a floating eye
   298 | D:1      | Found a faded altar of an unknown god.
   305 | D:1      | Noticed a great orb of eyes
   305 | D:1      | Noticed an eye of devastation
   305 | D:1      | Noticed a shining eye
   737 | D:2      | Reached XP level 3. HP: 30/30 MP: 2/2
   738 | D:2      | Reached skill level 1 in Stealth
  1155 | D:3      | Noticed a centaur
  1164 | D:3      | Killed a centaur
  1165 | D:3      | Reached skill level 6 in Ranged Weapons
  1165 | D:3      | Reached skill level 1 in Armour
  1165 | D:3      | Reached XP level 4. HP: 18/38 MP: 3/3
  1165 | D:3      | Reached XP level 5. HP: 22/45 MP: 4/4
  1434 | D:3      | Identified the +2 leather armour of Unauxeutt {+Blink rElec
                  | Dex+4}
  1587 | D:3      | Noticed Ijyb
  1596 | D:3      | Paralysed by Ijyb for 3 turns
  1608 | D:3      | Killed Ijyb
  3251 | D:4      | Reached skill level 7 in Ranged Weapons
  3253 | D:4      | Reached XP level 6. HP: 30/51 MP: 5/5
  3790 | D:5      | Entered Level 5 of the Dungeon
  3809 | D:5      | Identified the +1 ring mail of the Kraken {rN+ rCorr
                  | Slay+2}
  4197 | D:5      | Found an opulent altar of Gozag.
  4227 | D:5      | Gained mutation: You sometimes lose your temper in combat.
                  | [potion of mutation]
  4227 | D:5      | Gained mutation: Your system is resistant to poisons.
                  | (rPois) [potion of mutation]
  4227 | D:5      | Gained mutation: You are covered in fur. (AC +1) [potion of
                  | mutation]
  4550 | D:5      | Reached XP level 7. HP: 59/59 MP: 6/6
  4603 | D:5      | Reached skill level 8 in Ranged Weapons
  4606 | D:5      | HP: 1/88 [water moccasin (7)]
  4607 | D:5      | Succumbed to a water moccasin's poison

Illustrated notes

Levels and vault maps discovered:
D:1:      roderic_crop_circles_arrival_small, layout_loops_ring,
          hellmonk_ecumenical_altar_watching_god
D:2:      layout_rooms
D:3:      layout_basic, chequers_big_river, minmay_lizard_king, uniq_ijyb
D:4:      layout_basic
D:5:      layout_basic, mainiacjoe_overflow_24_doors, okawaru_metal_pillars_1_2,
          grunt_temple_overflow_diamond, roderic_serpentine_path,
          uniq_crazy_yiuf_cottage

Skill      XL: |  1  2  3  4  5  6  7 |
---------------+----------------------+-----
Ranged Weapons | 5 6 7 8 |  8.0
Stealth        | 1 |  1.1
Fighting       | 3 4 |  4.2
Armour         | 1 2 |  2.6
Dodging        | |  2.8

Action                   |  1- 3 |  4- 6 |  7- 9 || total
-------------------------+-------+-------+-------++-------
Melee: Staff             |       |       |     4 ||     4
 Fire: Shortbow          |   108 |   210 |    11 ||   329
  Use: Potion            |       |     4 |     2 ||     6
Armor: Leather armour    |    12 |    17 |     3 ||    32
Dodge: Dodged            |    24 |    62 |    14 ||   100
